 Dungeon Crawl Stone Soup version 0.30.0-29-ga12c61a403 (webtiles) character file.

Game seed: 842156155726785896

1026 monsoonserge the Summoner (level 8, -15/31 HPs)
             Began as a Felid Summoner on June 10, 2023.
             Was an Initiate of Gozag.
             Demolished by Joseph
             ... wielding a +0 quarterstaff
              (17 damage)
             ... on level 7 of the Dungeon.
             The game lasted 00:43:12 (7337 turns).

monsoonserge the Summoner (Felid Summoner)          Turns: 7337, Time: 00:43:12

Health: -15/31     AC:  2    Str:  4    XL:     8   Next: 2%
Magic:  9/15       EV: 18    Int: 18    God:    Gozag
Gold:   137        SH:  0    Dex: 17    Spells: 2/15 levels left
                                        Lives:  0   Deaths: 2

rFire   + .          .
                       - Unarmed
rCold   . . .        (shield unavailable)
rNeg    . . .        (body armour unavailable)
rPois   .            (helmet unavailable)
rElec   .            (cloak unavailable)
rCorr   .            (gloves unavailable)
SInv    +            (boots unavailable)
Will    +....        (no amulet)
Stlth   +++          D - ring of protection from fire
HPRegen 0.25/turn    x - ring of wizardry
MPRegen 0.14/turn

%: wizardry (x1)
@: quick
A: very small, claws 1, fangs 3, see invisible, speed 1, shaggy fur 2, stealthy
paws, no weapons or thrown items, no armour, multi-lived
a: Renounce Religion, Potion Petition, Call Merchant, Bribe Branch


You were on level 7 of the Dungeon.
You worshipped Gozag.
Gozag was aware of your devotion.
You visited 2 branches of the dungeon, and saw 8 of its levels.
You also visited: Ossuary.

You collected 319 gold pieces.
You spent 95 gold pieces at shops.
You paid 87 gold pieces to Gozag.

Inventory:

Jewellery
 h - a ring of resist corrosion
 o - a ring of resist corrosion
 x - a ring of wizardry (right paw)
 D - a ring of protection from fire (left paw)
 F - a ring of flight
Wands
 b - a wand of polymorph (5)
 z - a wand of iceblast (3)
 E - a wand of flame (21)
Scrolls
 c - 3 scrolls of vulnerability
 d - 3 scrolls of fear
 e - 6 scrolls of identify
 l - a scroll of enchant weapon {unknown}
 n - 2 scrolls of blinking {unknown}
 r - a scroll of torment {unknown}
 v - a scroll of enchant armour {unknown}
 w - a scroll of noise {unknown}
 y - 2 scrolls of fog {unknown}
 B - 2 scrolls of summoning
Potions
 a - 2 potions of magic
 f - 3 potions of haste {unknown}
 g - 4 potions of heal wounds {unknown}
 j - 4 potions of curing {unknown}
 k - a potion of cancellation {unknown}
 m - 5 potions of lignification {unknown}
 p - a potion of degeneration {unknown}
 q - 2 potions of resistance
 s - 2 potions of invisibility
 t - 2 potions of might {unknown}
 u - a potion of attraction {unknown}
 A - a potion of ambrosia {unknown}
 C - 2 potions of flight {unknown}


   Skills:
 + Level 0.5 Fighting
 - Level 4.0 Dodging
 + Level 4.2 Stealth
 * Level 6.1 Unarmed Combat
 + Level 4.2 Spellcasting
 - Level 1.0 Conjurations
 + Level 8.2 Summonings
 - Level 2.0 Air Magic
 - Level 1.0 Poison Magic
 * Level 0.9 Evocations


You had 2 spell levels left.
You knew the following spells:

 Your Spells              Type           Power      Damage    Failure   Level
a - Summon Small Mammal   Summ           100%       N/A       1%          1
b - Call Imp              Summ           66%        N/A       1%          2
c - Call Canine Familiar  Summ           33%        N/A       1%          3
d - Summon Lightning Spi  Summ/Air       22%        N/A       7%          4
e - Mephitic Cloud        Conj/Pois/Air  8%         N/A       11%         3

Your spell library contained the following spells:

 Spells                   Type           Power      Damage    Failure   Level
 Magic Dart               Conj           28%        1d4       4%          1
 Freeze                   Ice            12%        1d3       6%          1
 Summon Guardian Golem    Hex/Summ       18%        N/A       3%          3
 Dazzling Flash           Conj/Hex       10%        N/A       14%         3
 Hailstorm                Conj/Ice       5%         3d4       14%         3
 Frozen Ramparts          Ice            6%         1d1       17%         3
 Ozocubu's Armour         Ice            3%         N/A       17%         3
 Silence                  Hex/Air        3%         N/A       69%         5
 Agony                    Necr           3%         N/A       82%         5
 Metabolic Englaciation   Hex/Ice        1%         N/A       82%         5
 Simulacrum               Ice/Necr       Unusable   N/A       N/A         6

Dungeon Overview and Level Annotations

Branches:
Dungeon (7/15)             Temple (1/1) D:6         Ossuary (visited)

Altars:
Ashenzari
Cheibriados
Dithmenos
Elyvilon
Gozag
Hepliaklqana
Kikubaaqudgha
Makhleb
Nemelex Xobeh
Okawaru
Qazlal
Ru
Sif Muna
Trog
Uskayaw
Vehumet
Wu Jian
Xom
Zin

Shops:
D:1 =   D:6 **

Annotations:
D:7 Joseph


Innate Abilities, Weirdness & Mutations

You have sharp claws.
You have razor-sharp teeth.
You have supernaturally acute eyesight. (SInv)
You cover ground quickly. (Speed+)
You are covered in thick fur. (AC +2)
Your paws help you pounce on unaware monsters.
You are incapable of wielding weapons or throwing items.
You cannot wear armour.
You gain extra lives every three experience levels.


Message History

Confirm with . or Enter, or press ? or * to list all spells.
Joseph closely misses you.
Casting: Call Canine Familiar (safe; 1% risk of failure)
Confirm with . or Enter, or press ? or * to list all spells.
A tiny devil pulls itself out of the air.
Joseph drinks a potion.
Joseph flickers and vanishes for a moment.
Your hound misses Joseph. You scratch Joseph but do no damage.
Joseph is heavily wounded.
Your hound completely misses Joseph.
Joseph barely misses you.
You closely miss Joseph.
Joseph is heavily wounded.
Your hound bites Joseph.
Joseph hits you with a +0 quarterstaff.
Your hound bites Joseph.
You scratch Joseph.
Joseph is severely wounded.
Your hound closely misses Joseph.
Joseph hits you with a +0 quarterstaff.
You scratch Joseph.
Joseph is severely wounded.
Your hound bites Joseph.
Joseph hits you with a +0 quarterstaff!
* * * LOW HITPOINT WARNING * * *
Casting: Call Imp (safe; 1% risk of failure)
Confirm with . or Enter, or press ? or * to list all spells.
Your hound closely misses Joseph.
Your cerulean imp hits Joseph but does no damage.
The orc wizard gestures at you while chanting.
The magic dart hits your quokka.
Your quokka dies!
Your quokka's corpse disappears in a puff of smoke!
Joseph hits you with a +0 quarterstaff.
* * * LOW HITPOINT WARNING * * *
Your hound bites Joseph.
Unknown command.
Casting: Summon Small Mammal (safe; 1% risk of failure)
Confirm with . or Enter, or press ? or * to list all spells.
Your hound closely misses Joseph.
Joseph hits you with a +0 quarterstaff!
Ouch! That really hurt!
You die...
Your body crumbles into a pile of gold.

...#≈≈#..........#
.###≈≈#.......o#.#
≈≈≈##..........= ≈##
#............ ###
.......###.##. . ##.###...####
#.# .# .<.# ###. #o# #.#.#.
#..# .# #5### #..... #..## ...
#@@.###..... ## ##..#
#..h##r#...# #(# .. #..##
###.##.#.#.# #..## #...####
#......#.# #..# ##.....##
####..##.#####.#####
##.##..######..................
#.###........#..#.######.#####
#.# #########.....# #.# ###
#......# #.#


You could see Joseph (invisible, ally target), an orc priest, an orc wizard, a
friendly hound (summoned), a friendly cerulean imp (summoned) and a friendly
quokka (summoned).

Vanquished Creatures
  A wraith (Ossuary)
  Edmund (D:4)
  A phantom (D:4)
  A bullfrog (D:6)
  3 scorpions
  2 jellies
  Jessica (D:3)
  3 iguanas
  Natasha (D:2)
  2 sleepcaps (D:5)
  An orc wizard (D:5)
  A mummy (Ossuary)
  An adder (D:4)
  An ufetubus (D:5)
  A worm (D:1)
  A dart slug (D:3)
  6 orcs
  2 ball pythons (D:3)
  5 endoplasms
  3 giant cockroaches
  2 goblins (D:1)
  2 hobgoblins
  4 jackals
  2 quokkas (D:4)
  6 bats
  3 frilled lizards
  2 hobgoblin zombies (Ossuary)
  2 kobolds (D:1)
  2 rats
63 creatures vanquished.

Vanquished Creatures (collateral kills)
  A steam dragon (D:6)
  A water moccasin (D:5)
  2 ogres
  A phantom (D:5)
  A scorpion (D:4)
  A human zombie (Ossuary)
  2 hounds
  Crazy Yiuf (D:2)
  2 orc priests
  Ijyb (D:3)
  An orc wizard (D:6)
  Natasha (twice) (D:2)
  2 mummies (Ossuary)
  3 adders
  A dart slug (D:2)
  10 orcs
  A giant cockroach (D:4)
  4 goblins
  A hobgoblin (D:4)
  2 jackals
  3 kobolds
  A quokka (D:4)
  5 ball pythons
  2 bats
  5 goblin zombies (Ossuary)
  3 kobold zombies (Ossuary)
59 creatures vanquished.

Grand Total: 122 creatures vanquished

Notes
Turn   | Place    | Note
-------+----------+-------------------------------------------
     0 | D:1      | monsoonserge the Felid Summoner began the quest for the
                  | Orb.
     0 | D:1      | Reached XP level 1. HP: 7/7 MP: 4/4
   330 | D:1      | Reached XP level 2. HP: 11/11 MP: 6/6
   334 | D:1      | Learned a level 2 spell: Call Imp
   697 | D:1      | Reached skill level 1 in Unarmed Combat
  1012 | D:1      | Found Dewn's One-of-a-Kind Rings.
  1383 | D:2      | Reached XP level 3. HP: 9/14 MP: 5/7
  1687 | D:2      | Noticed Natasha
  1787 | D:2      | Killed Natasha
  1852 | D:2      | Noticed Natasha
  1867 | D:2      | Killed Natasha
  1868 | D:2      | Reached XP level 4. HP: 18/18 MP: 4/8
  1901 | D:2      | Noticed Natasha
  1916 | D:2      | Killed Natasha
  1917 | D:2      | Reached skill level 5 in Summonings
  2060 | D:2      | Found a runed translucent door.
  2061 | D:2      | Noticed Crazy Yiuf
  2071 | D:2      | Killed Crazy Yiuf
  2072 | D:2      | Reached XP level 5. HP: 21/21 MP: 6/9
  2346 | D:3      | Noticed Ijyb
  2347 | D:3      | Noticed Jessica
  2612 | D:4      | Found a sand-covered staircase.
  2635 | D:4      | Learned a level 3 spell: Call Canine Familiar
  2636 | Ossuary  | Entered an ossuary
  2636 | Ossuary  | Noticed a wraith
  2636 | Ossuary  | Noticed a wraith
  2636 | Ossuary  | Noticed a wraith
  2860 | Ossuary  | Noticed a wraith
  2898 | Ossuary  | Killed a wraith
  2899 | Ossuary  | Gained mutation: You are covered in thick fur. (AC +2)
                  | [Felid growth]
  2899 | Ossuary  | Reached XP level 6. HP: 25/25 MP: 1/10
  3531 | D:3      | You fall into a shaft and drop 2 floors!
  3531 | D:5      | Entered Level 5 of the Dungeon
  3531 | D:5      | Found a glowing silver altar of Zin.
  3646 | D:5      | Identified the +2 flail of Midsummer {elec, Will- Str+2
                  | Int+6 Stlth+}
  3693 | D:5      | Noticed an ice beast
  3712 | D:5      | Slain by an ice beast
  3713 | D:5      | Reached XP level 5. HP: -5/21 MP: 4/10
  3813 | D:4      | Reached skill level 6 in Summonings
  3813 | D:4      | Reached XP level 6. HP: 22/25 MP: 3/11
  3826 | D:4      | Learned a level 4 spell: Summon Lightning Spire
  4092 | D:4      | Noticed Edmund
  4618 | D:3      | Killed Jessica
  4692 | D:3      | Killed Ijyb
  4994 | D:4      | Reached skill level 1 in Air Magic
  4994 | D:4      | Reached XP level 7. HP: 20/28 MP: 5/13
  5243 | D:4      | Killed Edmund
  5812 | D:5      | Reached skill level 7 in Summonings
  6046 | D:5      | Reached skill level 5 in Unarmed Combat
  6046 | D:5      | Reached XP level 8. HP: 31/31 MP: 13/15
  6047 | D:5      | Learned a level 3 spell: Mephitic Cloud
  6432 | D:6      | Killed from afar by a steam dragon
  6433 | D:6      | Reached XP level 7. HP: -5/28 MP: 11/14
  6450 | D:6      | Killed a steam dragon
  6451 | D:6      | Reached skill level 8 in Summonings
  6457 | D:6      | Reached skill level 1 in Conjurations
  6457 | D:6      | Reached skill level 1 in Poison Magic
  6736 | D:6      | Found a radiant altar of Vehumet.
  6756 | D:6      | Found Adorois's General Store.
  6760 | D:6      | Found Tap Ynih's Specific Store.
  6768 | D:6      | Bought a scroll of summoning for 95 gold pieces
  6852 | D:6      | Found a staircase to the Ecumenical Temple.
  6868 | Temple   | Entered the Ecumenical Temple
  6868 | Temple   | Found a transporter.
  6868 | Temple   | Found a transporter.
  6870 | Temple   | Found a transporter.
  6870 | Temple   | Found a transporter.
  6919 | Temple   | Became a worshipper of Gozag Ym Sagoz the Greedy
  7096 | D:7      | Reached XP level 8. HP: 19/31 MP: 10/15
  7326 | D:7      | Noticed Joseph
  7337 | D:7      | Demolished by Joseph

Illustrated notes

Levels and vault maps discovered:
D:1:      kilobyte_arrival_exit_the_forest, layout_basic,
          nicolae_shop_unique_rings
D:2:      layout_rooms, hangedman_decor_push, uniq_crazy_yiuf_cottage,
          uniq_natasha
D:3:      layout_basic, patterned_corridor, uniq_ijyb, uniq_jessica
D:4:      layout_basic, chequers_ossuary_entry_cave, minmay_misc_feat_x,
          uniq_edmund
D:5:      layout_loops_ring, zin_academy
D:6:      layout_rooms, mainiacjoe_overflow_brackets, temple_green,
          chequers_serial_rivers_micro_a, nicolae_specific_store
D:7:      layout_rooms, chequers_serial_rivers_small_3, uniq_joseph
Temple:   hellmonk_temple_divided_pantheon

Skill      XL: |  1  2  3  4  5  6  7  8 |
---------------+-------------------------+-----
Unarmed Combat | 1 2 4 6 |  6.1
Stealth        | 3 4 |  4.2
Dodging        | 3 4 |  4.0
Summonings     | 5 6 8 |  8.2
Spellcasting   | 3 4 |  4.2
Air Magic      | 1 2 |  2.0
Conjurations   | 1 |  1.0
Poison Magic   | 1 |  1.0
Fighting       | |  0.5
Evocations     | |  0.9

Action                     |  1- 3 |  4- 6 |  7- 9 || total
---------------------------+-------+-------+-------++-------
  Melee: Unarmed           |    87 |   155 |   110 ||   352
         Bite              |     6 |    15 |    16 ||    37
         Punch             |     1 |     3 |     5 ||     9
   Cast: Summon Small Mamm |    19 |    58 |    20 ||    97
         Call Imp          |    14 |    28 |    16 ||    58
         Call Canine Famil |       |     9 |    16 ||    25
         Summon Lightning  |       |       |     2 ||     2
    Use: Potion            |       |     1 |       ||     1
         Scroll            |       |       |     4 ||     4
   Stab: Sleeping          |     5 |    13 |     6 ||    24
         Distracted        |     2 |     4 |     1 ||     7
 Armour: Skin              |    12 |    10 |     4 ||    26
  Dodge: Dodged            |    98 |   112 |    91 ||   301
